[Event "SixDays Budapest May IM 2023"]
[Site "Budapest"]
[Date "2023.05.30"]
[Round "6.1"]
[White "Szeberenyi, Adam"]
[Black "Manu David Suthandram R"]
[Result "1-0"]
[Annotator "TA"]
[ECO "D55"]
[WhiteElo "2338"]
[BlackElo "2332"]
[PlyCount "67"]
[EventDate "2023.05.25"]
[EventType "tourn"]
[EventCountry "HUN"]
[SourceTitle "playchess.com"]
[Source "ChessBase"]
[SourceQuality "1"]
[TimeControl "5400+30"]

1. d4 Nf6 2. c4 e6 3. Nf3 d5 4. Nc3 Be7 5. Bg5 O-O 6. e3 dxc4 7. Bxc4 b6 8. Qe2 Bb7 9. O-O Ne4 {[%emt 0:00:22] D53: Queen's Gambit Declined: 4 Bg5 Be7: Early deviations.} 10. Nxe4 Bxe4 11. Bxe7 Qxe7 {[%emt 0:00:07] White has an edge.} 12. Rac1 Bb7 {[%emt 0:08:17] [#]} 13. Rfd1 $146 ({Predecessor:} 13. Rc3 c6 14. Bd3 Nd7 15. Be4 Rac8 16. Qc2 Nf6 17. Bxc6 Bxc6 18. Rxc6 Rxc6 19. Qxc6 Qb4 20. Qc2 Nd5 21. a3 Qd6 22. Rc1 Rd8 23. g3 f5 24. Ne5 h6 25. Qe2 Nf6 26. Qa6 {1-0 Kozul,Z (2593)-Cassidy,J EU-Cup 24th Kallithea 2008 (2)}) 13... Rd8 14. Bd3 g6 15. Rc3 c5 16. dxc5 bxc5 17. Bb5 Rxd1+ 18. Qxd1 Nc6 19. Qc1 {[%emt 0:03:50] White is more active.} (19. a3 $16) 19... Nb4 $11 20. Rxc5 {[%emt 0:00:35] [#] Black must now prevent Rc7.} Nxa2 21. Qc4 {[%emt 0:00:39] aiming for Rc7.} Qd6 22. Ne5 Qd1+ 23. Qf1 Qd6 24. Nd7 Rd8 25. Rc4 ({But not} 25. Nf6+ $2 Kg7 26. Rc4 Kxf6 $19) 25... e5 26. f4 Rxd7 27. fxe5 $1 Qe7 28. Bxd7 Qxd7 29. Rd4 Qc6 (29... Qc7 $11) 30. h4 $40 {[%emt 0:04:55][%mdl 128] [#] And now Rd6 would win. White has some attack.} Qc1 $2 {[%emt 0:02:19][%mdl 8192] This move loses the game for Black.} (30... Kf8 $1 $14) 31. Qxc1 ({And not} 31. Rd7 Qxe3+ 32. Qf2 Qxf2+ 33. Kxf2 Bc6 34. Rxa7 Nb4 $11) 31... Nxc1 32. Rd8+ (32. Rd7 Be4 $11) 32... Kg7 33. e6 {[%emt 0:00:02][%cal Be5e6,Be6f7][%mdl 32] exf7 would be deadly.} ({Not} 33. Rd7 Be4 $16) 33... Kf6 (33... fxe6 $2 34. Rd7+ Kf6 35. Rxb7 $18) (33... Ba6 34. e7 Bb5) 34. exf7 {[%emt 0:00:06] Weighted Error Value: White=0.06 (flawless) /Black=0.45} 1-0

[Event "SixDays Budapest May IM 2023"]
[Site "Budapest"]
[Date "2023.05.30"]
[Round "6.2"]
[White "Ojas Kulkarni"]
[Black "Horvath, David"]
[Result "1/2-1/2"]
[Annotator "TA"]
[ECO "B10"]
[WhiteElo "2230"]
[BlackElo "2362"]
[PlyCount "68"]
[EventDate "2023.05.25"]
[EventType "tourn"]
[EventCountry "HUN"]
[SourceTitle "playchess.com"]
[Source "ChessBase"]
[SourceQuality "1"]
[TimeControl "5400+30"]

1. e4 c6 2. c4 d5 3. exd5 cxd5 4. cxd5 Nf6 5. Nc3 Nxd5 6. Nf3 e6 7. d4 Be7 8. Bd3 Nc6 9. O-O O-O 10. a3 Nxc3 11. bxc3 Bf6 12. Re1 {[%emt 0:08:03] was the old line (12.Qe2).} b6 {[%emt 0:03:40] D42: Queen's Gambit Declined: Semi-Tarrasch: 5 cxd5 Nxd5 6 e3 Nc6 7 Bd3 .} 13. Qc2 g6 $1 {[%emt 0:03:28] [#]} 14. h4 $1 Bb7 15. h5 Ne7 {[%emt 0:09:24] [#]} 16. Bh6 $146 ({Predecessor:} 16. hxg6 hxg6 17. Ne5 Rc8 18. Bh6 Bg7 19. Qd2 Nf5 20. Bg5 Qc7 21. Rac1 f6 22. Nxg6 fxg5 23. Rxe6 {½-½ Buchkremer,F (2090)-Tocklin,T (1885) Arctic Chess Challenge 2010 (5)}) 16... Bxf3 17. Bxf8 Qxf8 18. gxf3 Qh6 {[%emt 0:01:23] White must now prevent ...Nd5.} (18... Nd5 $5 ) 19. hxg6 hxg6 20. Be4 Rc8 21. Qd3 Kg7 22. Rad1 ({Much weaker is} 22. Qe3 Bg5 23. Qd3 Bd2 $15) 22... Qh3 23. c4 Rh8 {[%emt 0:01:36][%csl Gh8][%cal Rh3h1] [#]} 24. f4 Qh2+ 25. Kf1 Qxf4 26. d5 (26. Qg3 $5 Qxg3 27. fxg3 $14) 26... exd5 {[%emt 0:01:03] The position is equal.} ({Not} 26... Rh2 27. Qg3 Qxg3 28. fxg3 $16) 27. cxd5 {[%emt 0:00:07] d6 would be deadly.} Qd6 $1 (27... Rh2 $2 28. Qg3 Qh6 29. d6 $18) 28. Ke2 Rc8 29. Rc1 {[%emt 0:01:23] Wards off Rc3} Re8 30. Kf1 Rh8 31. Bg2 Rh5 32. Qb3 Rf5 (32... Nxd5 $2 33. Rcd1 $18) 33. Red1 {[%emt 0:01:25] Against Bd4} Rf4 34. Rc4 {[%emt 0:01:01] Inhibits Bd4.} Nf5 {[%emt 0:00:27] A balanced but interesting game.   Weighted Error Value: White=0.07 (flawless) /Black=0.04 (flawless)} 1/2-1/2

[Event "SixDays Budapest May IM 2023"]
[Site "Budapest"]
[Date "2023.05.30"]
[Round "6.3"]
[White "Dudognon, Thibault"]
[Black "Nemeth, Zalan"]
[Result "1-0"]
[Annotator "TA"]
[ECO "C42"]
[WhiteElo "2325"]
[BlackElo "2289"]
[PlyCount "162"]
[EventDate "2023.05.25"]
[EventType "tourn"]
[EventCountry "HUN"]
[SourceTitle "playchess.com"]
[Source "ChessBase"]
[SourceQuality "1"]
[TimeControl "5400+30"]

1. e4 e5 2. Nf3 Nf6 3. Nxe5 d6 4. Nf3 Nxe4 5. Nc3 Nxc3 6. dxc3 Be7 7. Be3 Nd7 8. Qd2 {[%emt 0:00:10] C42: Petroff Defence: 3 Nxe5 and unusual White 3rd moves.} O-O 9. O-O-O Nf6 {[%emt 0:00:07] The main line 9...Nf6 scores better than 9...c6.} 10. Kb1 {[%emt 0:05:40] White has an edge.} c5 11. Bd3 Be6 12. h4 c4 (12... Rc8 $11) 13. Be2 Ne4 14. Qe1 {[%emt 0:02:05][%cal Of3g5] [#]} b5 $146 ({Predecessor:} 14... Qc8 15. Ng5 Bf5 16. f3 Nxg5 17. hxg5 Qe6 18. Qf2 b5 19. g4 Bg6 20. f4 f5 21. Bf3 Kh8 22. Bd5 Qd7 23. Rxh7+ Bxh7 24. Rh1 Bxg5 25. fxg5 Qe8 26. Rxh7+ {1-0 Botea,D (1740)-Cosac,R (1765) ROM-ch U12 Calimanesti Caciulata 2019 (9)}) 15. Nd4 d5 16. Bf3 (16. Nxb5 Qa5 17. f3 Qxb5 $15) 16... Nf6 (16... Qd7 $14) 17. Nc6 {[%emt 0:10:32][%mdl 64] Discovered Attack, Double Attack} (17. Nxb5 Bd7 $16) 17... Qc7 18. Nxe7+ Qxe7 19. Bg5 Rfe8 20. Qe5 $1 Rad8 21. Rd4 Rd7 (21... h6 $16 {is a better defense.}) 22. a3 (22. Rf4 $18) 22... h6 $16 {[%emt 0:01:21] [#]} 23. Ka2 $1 {[%emt 0:09:48][%cal Od4f4] Hoping for Rf4! White is more active.} Kf8 24. Bxf6 Qxf6 25. Qxf6 gxf6 26. Rhd1 Red8 27. Kb1 f5 28. Kc1 Ke7 29. Kd2 Kf6 30. Ke3 a6 31. Kf4 Rg8 32. g3 (32. Bxd5 $2 Rg4+ 33. Ke3 Rxd4 34. Rxd4 Rxd5 $19) 32... a5 33. Ke3 (33. Bxd5 $2 Rg4+ 34. Ke3 Rxd4 35. cxd4 Bxd5 $19) 33... Rgd8 34. Bg2 (34. b3 {simplifies} Ke7 35. Rb1 cxb3 36. cxb3 Rc7 37. Kd2) 34... Ke5 35. R1d2 Rd6 36. Kf3 Rb6 37. Ke2 Rbd6 38. Kd1 R6d7 39. Kc1 Rg8 40. Rd1 Rgd8 41. Bf1 Kf6 42. b3 Rc7 43. bxc4 bxc4 {[%emt 0:00:02] [#]} 44. Rxc4 $1 Rxc4 (44... Rcc8 45. Rxc8) 45. Bxc4 {[%emt 0:00:07][%mdl 4160] Endgame Pin. KRB-KRB} f4 46. gxf4 Rg8 47. Bxd5 Rg4 48. h5 ({Better is} 48. Bxe6 $16 fxe6 49. f5) 48... Rxf4 $14 49. Bxe6 fxe6 {[%emt 0:00:14] KR-KR} (49... Kxe6 $14 50. Rd8 Rh4) 50. Rg1 $18 Rxf2 51. Rg6+ Kf7 52. Rxh6 Rh2 53. Kb2 {[%emt 0:01:13] Strongly threatening c4.} Rh4 54. Rh7+ Kf6 {[%emt 0:02:29] [#]} 55. h6 $1 e5 56. Ra7 Kf5 (56... e4 $16) 57. h7 (57. Rxa5 Rxh6 58. c4 Re6 $16) 57... Kf4 $2 (57... a4 58. c4 Ke6) 58. c4 ({Stronger than} 58. Rxa5 Rxh7 59. c4 e4 $11) 58... Ke4 59. Re7 $2 ({Weaker is} 59. Rxa5 Rxh7 60. a4 Re7 $16) (59. Rd7 {White threatens c5 and mate.} Kf5 60. c5) 59... Rh3 $2 (59... Kd4 60. c5 Kxc5) 60. c5 $2 (60. Rd7 $18 {and the rest is easy. c5 is the strong threat.} Kf5 61. c5) 60... Kd5 $16 61. c6 {[%emt 0:01:53][%mdl 64] Deflection} Kxc6 62. Rxe5 Rxh7 63. Rxa5 Rh3 64. Rg5 Kb6 65. c3 Rh2+ 66. Kb3 Rh1 67. a4 Rb1+ 68. Kc4 {[%emt 0:00:10] White wants to mate with Rb5+.} Rh1 69. a5+ Ka6 70. Kc5 (70. Re5 $16) 70... Kxa5 $11 71. Kc6+ Ka4 72. c4 Kb4 73. c5 {[%emt 0:00:14] Kb7 would kill now.} Ka5 $1 74. Rg6 Ka6 75. Kc7+ Ka7 76. Rd6 Rh5 77. c6 {[%emt 0:00:17] Threatening mate with Kc8.} Rh7+ $2 {[%emt 0:00:55][%mdl 8192] [#]} (77... Rh8 $11) 78. Rd7 $2 (78. Kc8 $1 {mates} Rh4 79. c7 Rh8+ 80. Rd8 Rh7 81. Rd4 Rh6 82. Kd7 Rh7+ 83. Kc8) 78... Rg7 $2 (78... Rh4 $11) 79. Rxg7 {[%emt 0:00:55] White mates.} Ka6 80. Re7 Ka7 81. Rd7 Ka6 {[%emt 0:01:17] Weighted Error Value: White=0.38/Black=0.25 (precise)} 1-0

[Event "SixDays Budapest May IM 2023"]
[Site "Budapest"]
[Date "2023.05.30"]
[Round "6.5"]
[White "Arvind Ramnath Iyer"]
[Black "Semprun Martinez, Fernando"]
[Result "1/2-1/2"]
[Annotator "TA"]
[ECO "B12"]
[WhiteElo "1883"]
[BlackElo "2125"]
[PlyCount "47"]
[EventDate "2023.05.25"]
[EventType "tourn"]
[EventCountry "HUN"]
[SourceTitle "playchess.com"]
[Source "ChessBase"]
[SourceQuality "1"]
[TimeControl "5400+30"]

1. e4 c6 2. d4 d5 3. e5 Bf5 4. h4 h5 5. Bg5 Qb6 6. Bd3 {[%emt 0:00:04] B12: Caro-Kann: Advance Variation.} (6. b3 $15) 6... Qxd4 7. Nf3 $1 Qg4 8. Bxf5 $1 {[%emt 0:01:35] Black is slightly better. 8.Bxf5 is better than 8.0-0.} Qxf5 9. O-O e6 10. c4 $1 Ne7 (10... dxc4 $2 11. Qd8#) (10... Nd7 $15 {keeps the upper hand.}) 11. Qb3 $16 {[%emt 0:02:25][%mdl 1024] White has strong compensation.} b6 {[%emt 0:15:18] Black is weak on the dark squares} 12. Nc3 {[%emt 0:04:56] [#]} Nd7 $146 ({Predecessor:} 12... f6 13. cxd5 exd5 14. exf6 gxf6 15. Rfe1 fxg5 16. Re5 Qd7 17. Rd1 Na6 18. Nxd5 cxd5 19. Rdxd5 {½-½ Modi,K (1772)-Munshi,A (1986) Coventry 4NCL op-A 16th 2017 (5)}) 13. Rfe1 ({White should try} 13. Rad1 $16) 13... Nc5 $36 {[%emt 0:07:19][%mdl 2048] Black fights for an advantage.} 14. Qd1 (14. Qa3 $1 $15) 14... Qd3 (14... dxc4 $142 15. Nd4 Qd3 16. Bxe7 Bxe7 17. Nxc6 a6) 15. cxd5 $17 {[%emt 0:05:16] [#] Hoping for d6.} Qxd1 (15... exd5 $6 16. b4 $11) 16. Raxd1 {[%emt 0:00:34] aiming for Bxe7.} Nxd5 17. Nxd5 cxd5 18. Nd4 Kd7 19. f4 (19. Re3 $17) 19... Be7 (19... Ne4 $19 {White must now prevent ...Bc5.} 20. f5 Bc5) 20. b4 Bxg5 21. fxg5 Na6 (21... Ne4 $17 22. Re3 Rhf8) 22. a3 Rhc8 (22... Rac8 $11) 23. Rf1 $16 {[%emt 0:04:18] White is more active.} Ke8 {[%emt 0:03:15] [#]} (23... Rf8 $16) 24. Rd3 {[%emt 0:01:38] Weighted Error Value: White=0.28 (precise) /Black=0.50} ({But not} 24. g6 $6 fxg6 25. Rd3 (25. Nxe6 Ke7 $16) 25... Nb8 26. Nxe6 {[%mdl 64] Discovered Attack} Nc6 27. Rxd5 (27. Nxg7+ Ke7 $16) 27... Ke7 $18) 1/2-1/2

[Event "SixDays Budapest May IM 2023"]
[Site "Budapest"]
[Date "2023.05.31"]
[Round "7.1"]
[White "Semprun Martinez, Fernando"]
[Black "Szeberenyi, Adam"]
[Result "1-0"]
[Annotator "TA"]
[ECO "E10"]
[WhiteElo "2125"]
[BlackElo "2338"]
[PlyCount "79"]
[EventDate "2023.05.25"]
[EventType "tourn"]
[EventCountry "HUN"]
[SourceTitle "playchess.com"]
[Source "ChessBase"]
[SourceQuality "1"]
[TimeControl "5400+30"]

1. d4 Nf6 2. c4 e6 3. Nf3 c5 4. d5 b5 5. Bg5 b4 6. e4 {[%emt 0:01:31] Hoping for e5. E10: Blumenfeld Gambit.} d6 7. Nbd2 {[%emt 0:01:18] was the old line (7.Bd3).} Be7 8. Be2 {[%emt 0:05:43] White is slightly better.} Nxd5 9. exd5 $16 {[%emt 0:02:21] Black is now going downhill.} Bxg5 10. Nxg5 Qxg5 {[%emt 0:00:09] [#]} 11. dxe6 $1 {[%emt 0:03:08] [#]} Bxe6 $146 ({Predecessor:} 11... Bb7 12. Bf3 Qe5+ 13. Kf1 d5 14. exf7+ Kxf7 15. Nb3 {1-0 Eichner,S (2335)-Sobolevsky,L (2244) Leipzig VfB op 21st 2014 (4)}) 12. Bf3 {[%emt 0:04:36] Dodges Nc6} Qe5+ 13. Qe2 Qxe2+ 14. Kxe2 d5 15. cxd5 (15. Bxd5 $6 Bxd5 16. cxd5 Nd7 $14) 15... Bd7 16. Ne4 O-O (16... Na6 $16 17. Rhc1 f5) 17. Nxc5 $18 Bb5+ {[%emt 0:00:10] Black is weak on the light squares} 18. Ke3 Re8+ 19. Kd4 {[%emt 0:00:42] aiming for Rhe1.} Rd8 20. Nb7 Rd7 {[%emt 0:01:33] [#]} 21. Na5 {[%emt 0:04:44][%cal Od5d6] Black must now prevent d6!} Na6 22. Rac1 Rad8 23. Rhe1 $36 {[%emt 0:00:30][%mdl 2048] Wards off Be2. White has strong initiative.} Nc7 (23... Kf8 {was called for.} 24. h4 (24. Nc6 Bxc6 25. Rxc6 Nc7 $16) 24... h5) 24. Kc5 Bd3 $2 (24... Rb8 25. Nc6 (25. Kxb4 Be2+ 26. Ka3 Bxf3 $16) 25... Na6+ 26. Kd4 Bxc6) 25. Nc6 {[%emt 0:02:54] White is clearly winning.} Rc8 26. Kd4 {[%emt 0:06:55][%cal Bc5d4,Bd4e3,Be3d2,Bd2c3,Bc3b3][%mdl 32] Threatens to win with Ne7+.} Bg6 27. Ne7+ Rxe7 28. Rxe7 Nb5+ 29. Ke3 Rd8 30. Rc6 Kf8 31. Rb7 Re8+ 32. Kd2 Nd4 33. Rxa7 Rd8 34. Rc5 b3 35. Kc3 Nf5 36. Kxb3 Nd6 37. Kc3 Rb8 38. b4 Nb5+ {[%emt 0:00:15] [#]} 39. Rxb5 $1 Rxb5 40. a4 {[%emt 0:00:10] Weighted Error Value: White=0.20 (precise) /Black=0.43} 1-0

[Event "SixDays Budapest May IM 2023"]
[Site "Budapest"]
[Date "2023.05.31"]
[Round "7.2"]
[White "Tancsa, Tamas"]
[Black "Arvind Ramnath Iyer"]
[Result "1-0"]
[Annotator "TA"]
[ECO "B76"]
[WhiteElo "2188"]
[BlackElo "1883"]
[PlyCount "71"]
[EventDate "2023.05.25"]
[EventType "tourn"]
[EventCountry "HUN"]
[SourceTitle "playchess.com"]
[Source "ChessBase"]
[SourceQuality "1"]
[TimeControl "5400+30"]

1. e4 c5 2. Nf3 d6 3. d4 cxd4 4. Nxd4 Nf6 5. Nc3 g6 6. Be3 Bg7 7. f3 O-O 8. Qd2 Nc6 9. O-O-O d5 10. Nxc6 bxc6 11. Bc4 {[%emt 0:00:10] 11.Bh6 is becoming the main line.} e6 12. Bb3 {[%emt 0:00:06] B76: Sicilian Dragon: Yugoslav Attack, 9 g4 and 9 0-0-0.} Qa5 (12... Bb7 $11 {feels stronger.}) 13. Kb1 $14 {[%emt 0:14:24][%cal Rc3d5] Nxd5! would be deadly.} dxe4 14. Nxe4 {[%emt 0:01:35] [#] White is better.} Qxd2 $146 ({Predecessor:} 14... Qe5 15. Nxf6+ Qxf6 16. Bd4 e5 17. Bc3 Be6 18. Bxe6 Qxe6 19. Rhe1 Rfe8 20. Qd7 Qc4 {1-0 Alsina Leal,D (2483)-Mueller,R (2306) EU-Cup 34th Porto Carras 2018 (6.1)}) 15. Nxf6+ (15. Bxd2 Nxe4 16. fxe4 a5 $11) (15. Nxd2 Ba6 $11) 15... Bxf6 16. Rxd2 Rd8 17. Rhd1 {[%emt 0:02:31][%cal Bh1d1,Bd1d2,Bd2d7][%mdl 32] White is more active.} Rxd2 18. Rxd2 Ba6 {[%emt 0:07:03] [#]} (18... Be7 $142) 19. c4 $1 $16 Bc8 (19... Be5 $16 {is a better defense.}) 20. Ba4 $18 Rb8 21. b3 (21. Bxa7 Ra8 22. Bxc6 Rxa7 $17) 21... Ba6 22. Kc2 (22. Bxc6 Bxc4 23. Bxa7 Rc8 $16) (22. Bxa7 $6 Rb7 $16) 22... Rc8 (22... Bb5 {was called for.}) 23. Rd7 (23. Bxa7 Kf8 24. Rd6 Bb5 $18) 23... Rb8 (23... Bb5 {was worth a try.} 24. Rxa7 (24. cxb5 cxb5+ 25. Kd1 bxa4 $11) 24... Bd8 25. Bxb5 (25. cxb5 cxb5+ 26. Kd3 bxa4 $18) 25... cxb5) 24. Bxc6 ({Weaker is} 24. Rxa7 Bb7 25. Bf4 e5 $18) 24... Bxc4 (24... Rc8 $142 25. Be4 Bxc4) 25. bxc4 Rb2+ 26. Kc1 Rxa2 27. f4 Ra3 28. Kd2 ({Not} 28. Rxa7 Rxe3 29. Be8 Rc3+ 30. Kd1 Rxc4 $11) 28... Ra2+ 29. Kd3 Ra3+ 30. Ke4 Ra2 31. g4 Rxh2 32. g5 Bb2 33. Rxa7 Rh4 34. Bc5 {[%emt 0:02:38] [#] Intending Ra8+ and mate.} h5 35. Be8 Rg4 36. Bxf7+ {[%emt 0:01:49] Black got outplayed after the opening.   Weighted Error Value: White=0.06 (flawless) /Black=0.44} 1-0

[Event "SixDays Budapest May IM 2023"]
[Site "Budapest"]
[Date "2023.05.31"]
[Round "7.4"]
[White "Horvath, David"]
[Black "Dudognon, Thibault"]
[Result "1/2-1/2"]
[Annotator "TA"]
[ECO "D30"]
[WhiteElo "2362"]
[BlackElo "2325"]
[PlyCount "21"]
[EventDate "2023.05.25"]
[EventType "tourn"]
[EventCountry "HUN"]
[SourceTitle "playchess.com"]
[Source "ChessBase"]
[SourceQuality "1"]
[TimeControl "5400+30"]

1. Nf3 d5 2. d4 Nf6 3. c4 c6 4. e3 e6 5. Nbd2 Nbd7 6. Bd3 Bd6 7. O-O O-O 8. e4 e5 {[%emt 0:00:09] [#]} {Predecessor:} 9. exd5 $146 {D30: Queen's Gambit Declined: Systems without Nc3.} cxd5 10. cxd5 exd4 11. Ne4 {½-½ Peng,L (2549)-Mastrovasilis,D (2603) ITA-chT GpB 54th 2023 (5)} 1/2-1/2

[Event "SixDays Budapest May IM 2023"]
[Site "Budapest"]
[Date "2023.05.31"]
[Round "7.5"]
[White "Manu David Suthandram R"]
[Black "Ojas Kulkarni"]
[Result "1/2-1/2"]
[Annotator "TA"]
[ECO "A00"]
[WhiteElo "2332"]
[BlackElo "2230"]
[PlyCount "38"]
[EventDate "2023.05.25"]
[EventType "tourn"]
[EventCountry "HUN"]
[SourceTitle "playchess.com"]
[Source "ChessBase"]
[SourceQuality "1"]
[TimeControl "5400+30"]

1. e3 Nf6 2. d4 g6 3. Nf3 Bg7 4. c4 O-O 5. Nc3 c5 6. Be2 cxd4 7. exd4 d5 8. O-O Nc6 9. h3 dxc4 10. Bxc4 Na5 {[%emt 0:00:08] D94: Grünfeld: 4 Nf3 Bg7 5 e3.} 11. Be2 {[%emt 0:03:32] [#] A rather calm draw.} {Predecessor:} Be6 $146 12. Bg5 Rc8 13. Rc1 Nc4 14. b3 Nd6 15. Re1 Nf5 16. Qd2 Qa5 17. Bd3 Rfe8 18. Re5 Qd8 19. Bb5 Rf8 {½-½ Peng,X (2410)-Sivuk,V (2560) Sanya Hainan op-A 2017 (6)} 1/2-1/2

[Event "SixDays Budapest May IM 2023"]
[Site "Budapest"]
[Date "2023.05.31"]
[Round "8.2"]
[White "Dudognon, Thibault"]
[Black "Manu David Suthandram R"]
[Result "1/2-1/2"]
[Annotator "TA"]
[ECO "B34"]
[WhiteElo "2325"]
[BlackElo "2332"]
[PlyCount "44"]
[EventDate "2023.05.25"]
[EventType "tourn"]
[EventCountry "HUN"]
[SourceTitle "playchess.com"]
[Source "ChessBase"]
[SourceQuality "1"]
[TimeControl "5400+30"]

1. e4 c5 2. Nf3 Nc6 3. d4 cxd4 4. Nxd4 Nf6 5. Nc3 e5 6. Ndb5 d6 7. Nd5 Nxd5 8. exd5 Ne7 9. c4 Nf5 10. Bd3 Be7 11. O-O O-O 12. a4 {[%emt 0:08:21] was the old line (12.f4).} a6 13. Nc3 a5 {[%emt 0:23:31] B33: Sicilian: Pelikan and Sveshnikov Variations.} 14. Nb5 Nh4 15. Be3 {[%emt 0:03:07][%cal Oc4c5] [#]} b6 $146 {[%emt 0:04:54] White is slightly better.} ({Predecessor:} 15... f5 16. f4 exf4 17. Bxf4 Ng6 18. Be3 Ne5 19. Be2 Bd7 20. Nd4 Bg5 21. Bf2 Bh4 22. Qb3 Bxf2+ 23. Rxf2 Qc7 24. Raf1 g6 25. Qc3 Rae8 26. b3 Qc5 {½-½ Kholmov,R (2480)-Ivanov,J (2300) Cheliabinsk 1989}) 16. Rb1 {[%emt 0:13:26] White has more active pieces. The black rooks are badly placed.} f5 17. f4 (17. g3 $5 Ng6 18. f4 $14) 17... exf4 18. Bxf4 Ng6 19. Be3 Ne5 20. Qc2 g6 21. Rbe1 Bd7 22. Nc3 (22. Be2 $11) 22... Bg5 {[%emt 0:00:29] Weighted Error Value: White=0.19 (very precise) /Black=0.10 (very precise)} 1/2-1/2

[Event "SixDays Budapest May IM 2023"]
[Site "Budapest"]
[Date "2023.05.31"]
[Round "8.4"]
[White "Arvind Ramnath Iyer"]
[Black "Nemeth, Zalan"]
[Result "0-1"]
[Annotator "TA"]
[ECO "B33"]
[WhiteElo "1883"]
[BlackElo "2289"]
[PlyCount "76"]
[EventDate "2023.05.25"]
[EventType "tourn"]
[EventCountry "HUN"]
[SourceTitle "playchess.com"]
[Source "ChessBase"]
[SourceQuality "1"]
[TimeControl "5400+30"]

1. e4 c5 2. Nf3 Nc6 3. d4 cxd4 4. Nxd4 Nf6 5. Nc3 e5 6. Ndb5 d6 7. Bg5 a6 8. Na3 b5 9. Nd5 Be7 10. Bxf6 Bxf6 11. c3 O-O 12. Nc2 Rb8 $1 {[%emt 0:00:05][%mdl 4] is more profitable than 12...Bg5 at the moment.} 13. a4 {[%emt 0:00:05] B33: Sicilian: Pelikan and Sveshnikov Variations.} bxa4 14. Rxa4 a5 {[%emt 0:03:37] [#]} 15. Nce3 $146 {White is slightly better.} ({Predecessor:} 15. Ra2 Be6 16. Bc4 Bg5 17. Nce3 g6 18. h4 Bxh4 19. g3 Bg5 20. f4 exf4 21. gxf4 {1-0 Kienboeck,B (2105)-Marakovits,N (2234) AUT-ch Vienna 2022 (7)}) 15... Rxb2 16. Nc4 {[%emt 0:02:16] Excellent horsemanship.} Rb8 17. Nxf6+ Qxf6 18. Nxa5 $2 (18. Be2 $15) 18... Nxa5 $19 (18... Rb2 19. Be2 $17) 19. Rxa5 Qg6 $1 ({Inferior is} 19... Rb2 20. Be2 $17) 20. f3 Be6 {[%emt 0:04:52] aiming for ...Qg5.} 21. Qc2 Qg5 22. Kf2 {[%emt 0:03:48] Repels Qe3+} Rb3 ({Black should play} 22... f5 $17 {...fxe4 would be deadly.} 23. h4 Qd8) 23. Rb5 $15 {[%emt 0:02:45] Hoping for h4.} Ra3 24. Bd3 Rc8 $36 {[%emt 0:05:45][%mdl 2048] White must now prevent ...Qh4+. Black has strong initiative.} 25. c4 g6 {[%emt 0:00:03] Black is much more active.} 26. Rhb1 {[%emt 0:03:11] [#]} (26. Rd1 $15) 26... Kg7 ({And not} 26... Bd7 27. R5b2 $15) (26... Qf4 $142 $1 27. Rb8 Qxh2 28. Rxc8+ Bxc8) 27. R5b3 $17 Rxb3 28. Qxb3 Qd2+ 29. Kg3 $2 (29. Kf1 $17) 29... h5 $19 30. h3 {[%emt 0:00:42] [#]} h4+ $1 31. Kh2 {[%emt 0:00:10] [#]} Bxh3 $1 32. Bf1 (32. Kxh3 $2 {is a self mate.} Qf4 33. Rh1 Qg3#) (32. Qc2 {was worth a try.} Qf4+ 33. Kg1 Qe3+ 34. Kh1) 32... Be6 33. Rd1 Qf2 {[%emt 0:02:38] ( -> ...h3)} 34. Qa3 $2 (34. Qb4 $19) 34... Bxc4 (34... h3 $142 35. Qxd6 hxg2 36. Qxe5+ f6 37. Rd7+ {[%mdl 64] Decoy} Bxd7 38. Qe7+ Kh6 39. Bxg2 Kg5 40. f4+ Qxf4+ 41. Kh1 Qc1+ 42. Kh2 Rh8+ 43. Bh3 Rxh3+ 44. Kg2 Qd2+ 45. Kg1 Rg3+ 46. Kh1 Qg2#) 35. Bxc4 Rxc4 36. Qxd6 Qg3+ {[%emt 0:00:15] Black mates.} 37. Kh1 h3 38. Qd2 Rd4 {[%emt 0:00:20][%mdl 64] Skewer.   Weighted Error Value: White=0.71/Black=0.35} 0-1

[Event "SixDays Budapest May IM 2023"]
[Site "Budapest"]
[Date "2023.05.31"]
[Round "8.5"]
[White "Semprun Martinez, Fernando"]
[Black "Tancsa, Tamas"]
[Result "1/2-1/2"]
[Annotator "TA"]
[ECO "A37"]
[WhiteElo "2125"]
[BlackElo "2188"]
[PlyCount "62"]
[EventDate "2023.05.25"]
[EventType "tourn"]
[EventCountry "HUN"]
[SourceTitle "playchess.com"]
[Source "ChessBase"]
[SourceQuality "1"]
[TimeControl "5400+30"]

1. c4 c5 2. Nc3 Nc6 3. g3 g6 4. Bg2 Bg7 5. Nf3 e5 6. O-O d6 7. Ne1 Be6 8. d3 Nge7 9. Nc2 d5 10. cxd5 Nxd5 11. Ne3 {[%emt 0:00:28][%cal Re3d5] A37: Symmetrical English vs ...g6: 4 Bg2 Bg7 5 Nf3.} Nb6 (11... Nde7 $11) 12. Bd2 {[%emt 0:02:12] [#]} (12. Bxc6+ $14 bxc6 13. Ne4) 12... f5 $146 ({Predecessor:} 12... O-O 13. Rc1 Qe7 14. Ne4 Nd7 15. Nc4 Nb6 16. Be3 Nd4 17. Na5 Bxa2 18. Nxc5 Bd5 19. Ncxb7 Bxg2 20. Kxg2 {1-0 Xu,Y (2554)-Bilguun,S (2454) FIDE World Uni Blitz-C 1st 2021 (5.3)}) 13. Na4 Qd4 {[%emt 0:01:45] [#]} (13... Nxa4 $11 14. Bxc6+ (14. Qxa4 Rc8 $11) 14... bxc6 15. Qxa4 Qd7) 14. Nxb6 $1 $16 axb6 {[%emt 0:00:23] [#]} 15. Bc3 ({White should try} 15. Bd5 $1 $16 Bxd5 16. Bc3) 15... Qd7 {[%emt 0:02:08] The position is equal.} 16. Nc4 Qc7 17. a4 Bxc4 18. dxc4 e4 19. Bxg7 Qxg7 20. f3 exf3 ({Resist} 20... Qxb2 21. fxe4 fxe4 22. e3 $16 (22. Bxe4 Rf8 $14)) 21. Bxf3 O-O 22. Qb3 Nb4 23. Rad1 Rad8 24. Rxd8 Rxd8 25. Rd1 Rd4 26. e3 (26. Kf1 {simplifies} Rxd1+ 27. Qxd1 Qe7 28. Qb3) 26... Rxd1+ 27. Qxd1 Qxb2 28. Qd8+ Kg7 29. Qe7+ Kg8 30. Qe8+ Kg7 31. Qe7+ Kg8 {[%emt 0:00:06] Weighted Error Value: White=0.08 (flawless) /Black=0.16 (very precise)} 1/2-1/2